 Dungeon Crawl Stone Soup version 0.32-a0-898-g7811c86cf0 (webtiles) character file.

Game seed: 9455835342231119288

10983 KEVIN the Cleaver (level 11, -8/99 HPs)
             Began as a Minotaur Berserker on Apr 3, 2024.
             Was a High Priest of Trog.
             Mangled by a goliath frog (16 damage)
             ... on level 2 of the Lair of Beasts on Apr 4, 2024.
             The game lasted 00:31:30 (9144 turns).

KEVIN the Cleaver (Minotaur Berserker)              Turns: 9144, Time: 00:31:31

Health: -8/99      AC:  6    Str: 25    XL:     11   Next: 43%
Magic:  10/10      EV: 10    Int:  4    God:    Trog [*****.]
Gold:   1608       SH:  5    Dex: 11    Spells: 10/10 levels left

rFire   + . .        L - +4 battleaxe (spect)
rCold   + . .        (shield currently unavailable)
rNeg    . . .        k - +1 chain mail
rPois   +            (helmet restricted)
rElec   .            j - scarf {rC+ rF+}
rCorr   .            (no gloves)
SInv    .            z - +0 pair of boots
Will    .....        o - amulet of reflection Stlth
                     a - ring of flight
HPRegen 0.36/turn    r - ring of poison resistance
MPRegen 0.12/turn

%: reflection
@: corroded, flying
A: horns 2, retaliatory headbutt
a: Renounce Religion, Berserk, Trog's Hand, Brothers in Arms


You were on level 2 of the Lair of Beasts.
You worshipped Trog.
Trog was extremely pleased with you.
You visited 2 branches of the dungeon, and saw 10 of its levels.

You collected 1608 gold pieces.

Inventory:

Hand Weapons
 F - a +5 short sword
 H - a +2 trident of protection
 K - a +3 war axe
 L - a +4 spectral battleaxe (weapon)
 M - a +5 flail
 P - the +8 broad axe "Pibot" {antimagic, rN+}
   (Trog gifted it to you on level 1 of the Lair of Beasts)

   rN+:       It protects you from negative energy.
 R - a +4 dire flail of freezing
 T - a +5 falchion
Missiles
 g - 99 stones (quivered)
 n - 25 poisoned darts
 w - 3 darts of dispersal
Armour
 j - a scarf of resistance (worn)
 k - a +1 chain mail (worn)
 z - a +0 pair of boots (worn)
 D - +0 steam dragon scales
 G - a +3 leather armour
 N - a +0 kite shield
 V - a +0 cloak
Jewellery
 a - a ring of flight (left hand)
 o - an amulet of reflection (around neck)
 r - a ring of poison resistance (right hand)
 E - a ring of magical power
 S - a +5 ring of evasion
Talismans
 i - a talisman of death
Wands
 v - a wand of flame (25)
 y - a wand of iceblast (2)
 I - a wand of paralysis (14)
 U - a wand of quicksilver (12)
Scrolls
 c - 2 scrolls of poison
 e - 3 scrolls of teleportation
 t - a scroll of identify
 O - a scroll of revelation
 W - a scroll of enchant weapon
Potions
 f - a potion of resistance
 s - 2 potions of curing
 J - a potion of cancellation
 Q - a potion of degeneration
 X - a potion of ambrosia
 Y - a potion of brilliance
Miscellaneous
 Z - a phantom mirror


   Skills:
 + Level 9.8 Fighting
 + Level 11.5(12.7) Axes
 + Level 2.3(7.7) Maces & Flails
 + Level 8.6(11.3) Polearms
 + Level 1.0 Throwing
 + Level 11.1 Armour
 + Level 5.7 Dodging
 + Level 2.0 Stealth
 + Level 5.2 Shields
 + Level 0.1 Evocations


You had 10 spell levels left.
You didn't know any spells.
Your spell library contained the following spells:

 Spells                   Type           Power      Damage    Failure   Level
 Apportation              Tloc           0%         N/A       91%         1
 Freeze                   Ice            0%         1d3       91%         1
 Kiss of Death            Conj/Necr      0%         2d5       91%         1
 Necrotise                Necr           0%         1d4       91%         1
 Slow                     Hex            0%         N/A       91%         1
 Sting                    Conj/Alch      0%         1d3       91%         1
 Summon Small Mammal      Summ           0%         N/A       91%         1
 Blink                    Tloc           0%         N/A       97%         2
 Lesser Beckoning         Tloc           0%         N/A       97%         2
 Mercury Vapours          Alch/Air       0%         N/A       97%         2
 Momentum Strike          Conj/Tloc      0%         3d8       97%         2
 Confusing Touch          Hex            0%         N/A       100%        3
 Frozen Ramparts          Ice            0%         1d1       100%        3
 Hailstorm                Conj/Ice       0%         3d5       100%        3
 Vampiric Draining        Necr           0%         2d6       100%        3
 Dispel Undead            Necr           0%         3d6       100%        4
 Martyr's Knell           Necr/Summ      0%         N/A       100%        4
 Olgreb's Toxic Radiance  Alch           0%         N/A       100%        4
 Curse of Agony           Necr           0%         N/A       100%        5


Dungeon Overview and Level Annotations

Branches:
Dungeon (8/15)             Temple (0/1) D:5            Lair (2/5) D:8
  Swamp: Lair:2-3    Shoals: Lair:2-3     Snake: Lair:2-3    Spider: Lair:2-3

Altars:
Ashenzari
Gozag
Kikubaaqudgha
Ru
Zin

Annotations:
D:3 2 transporters, 601d51SH's ghost, amateur GnFi


Innate Abilities, Weirdness & Mutations

You have a pair of horns on your head.
You reflexively headbutt those who attack you in melee.


Message History

You headbutt the komodo dragon.
The komodo dragon is almost dead.
Your +4 spectral battleaxe barely misses the komodo dragon.
The komodo dragon barely misses you.
You hit the komodo dragon but do no damage.
The komodo dragon is almost dead.
Your +4 spectral battleaxe hits the komodo dragon.
You kill the komodo dragon!
Trog accepts your kill.
Welcome back, KEVIN the Minotaur Berserker.
Trog says: Kill them all!
Press ? for a list of commands and other information.
Your +4 spectral battleaxe disappears.
A goliath frog comes into view.
A goliath frog is nearby!
A goliath frog is nearby!
A goliath frog is nearby!
A goliath frog is nearby!
The goliath frog hits you but does no damage.
The goliath frog hits you from afar! The acid corrodes you!
You are splashed with acid!
* * * LOW HITPOINT WARNING * * *
You see here a hydra corpse.
The goliath frog hits you but does no damage.
You miss the goliath frog. You headbutt the goliath frog.
The goliath frog is lightly wounded.
Your +4 spectral battleaxe barely misses the goliath frog.
You block the goliath frog's attack.
You hit the goliath frog. You headbutt the goliath frog!
The goliath frog is moderately wounded.
Your +4 spectral battleaxe hits the goliath frog.
The goliath frog hits you!
* * * LOW HITPOINT WARNING * * *
The acid corrodes you!
You are splashed with acid!
* * * LOW HITPOINT WARNING * * *
You barely miss the goliath frog. Your headbutt misses the goliath frog.
The goliath frog is moderately wounded.
Your +4 spectral battleaxe barely misses the goliath frog.
The goliath frog barely misses you. The goliath frog hits you!
You die...

#...#....
P(...#.P###
..........####
.........†...#
.....#..<#.P####
... #.#.......#
.....#†....###.##..
.#........(#.P...
#....<...†@F......
##.......#..#.#♣♣♣
...#.........# #
.⌠.........#...
...........###..♣
⌠..#...P.### ...♣
###...... ...♣
..##.. ...♣


You could see a goliath frog and a friendly +4 spectral battleaxe.

Vanquished Creatures
  A hydra (Lair:2)
  A two-headed ogre (D:8)
  A black mamba (Lair:1)
  3 cane toads (Lair:1)
  2 rime drakes
  2 komodo dragons (Lair:2)
  A polar bear (D:8)
  Grinder (D:6)
  8 blink frogs (Lair:1)
  Sigmund (D:6)
  3 wyverns
  A basilisk (Lair:1)
  A yak (Lair:1)
  A steam dragon (D:7)
  Edmund (D:5)
  Duvessa (D:4)
  6 water moccasins
  5 ice beasts
  An orc warrior (D:7)
  A sky beast (D:8)
  A black bear (D:4)
  2 wolves
  2 centaurs
  2 kobold brigands
  Blork the orc (D:4)
  5 bullfrogs
  2 gnoll sergeants
  A scorpion (D:4)
  9 wights (D:8)
  Dowan (D:4)
  12 killer bees
  A howler monkey (D:7)
  2 vampire bats (D:3)
  3 bombardier beetles
  A gnoll bouda (D:7)
  An orc priest (D:7)
  2 hounds
  4 jellies
  3 sleepcaps
  6 iguanas
  4 orc wizards
  Terence (D:3)
  8 adders
  11 gnolls
  A shadow imp (D:5)
  A white imp (D:6)
  A ribbon worm (D:2)
  5 dart slugs
  27 orcs
  7 ball pythons
  A bat skeleton (D:3)
  4 bat zombies (D:3)
  8 endoplasms
  2 giant cockroaches (D:1)
  8 goblins
  2 hobgoblins
  6 jackals
  14 kobolds
  4 quokkas
  5 bats
  4 frilled lizards
  8 rats
  A butterfly (Lair:1)
236 creatures vanquished.

Vanquished Creatures (others)
  A spectral weapon (Lair:2)
1 creature vanquished.

Grand Total: 237 creatures vanquished

Notes
Turn   | Place    | Note
-------+----------+-------------------------------------------
     0 | D:1      | KEVIN the Minotaur Berserker began the quest for the Orb.
     0 | D:1      | Reached XP level 1. HP: 19/19 MP: 0/0
   164 | D:1      | Reached XP level 2. HP: 27/27 MP: 1/1
   331 | D:1      | Reached ** piety under Trog
   341 | D:1      | Reached XP level 3. HP: 31/33 MP: 2/2
   954 | D:2      | Found a faded altar of an unknown god.
  1163 | D:2      | Found a glowing silver altar of Zin.
  1315 | D:2      | Identified the +1 robe "Lutyox" {-Tele Harm rPois Str+6}
  1419 | D:2      | Reached XP level 4. HP: 40/41 MP: 3/3
  1710 | D:2      | Identified a scroll of acquirement
  1710 | D:2      | Acquired 1004 gold pieces
  1818 | D:3      | Found a transporter.
  1821 | D:3      | Found a transporter.
  1821 | D:3      | Noticed 601d51SH's ghost (amateur GnFi)
  1893 | D:3      | Noticed Terence
  1904 | D:3      | Killed Terence
  1904 | D:3      | Reached *** piety under Trog
  2019 | D:3      | Reached XP level 5. HP: 41/47 MP: 4/4
  2228 | D:3      | Found an ancient bone altar of Kikubaaqudgha.
  2232 | D:3      | Reached skill level 5 in Axes
  2242 | D:3      | Reached skill level 1 in Maces & Flails
  2250 | D:3      | Reached skill level 5 in Fighting
  2441 | D:4      | Noticed Duvessa
  2441 | D:4      | Noticed Dowan
  2447 | D:4      | Killed Duvessa
  2448 | D:4      | Reached XP level 6. HP: 35/56 MP: 5/5
  2463 | D:4      | Killed Dowan
  2940 | D:4      | Found a broken altar of Ashenzari.
  2941 | D:4      | Noticed Blork the orc
  2948 | D:4      | Killed Blork the orc
  2949 | D:4      | Reached XP level 7. HP: 44/54 MP: 6/6
  3169 | D:4      | Reached skill level 5 in Armour
  3497 | D:5      | Entered Level 5 of the Dungeon
  3497 | D:5      | Found a staircase to the Ecumenical Temple.
  3852 | D:5      | Noticed Edmund
  3864 | D:5      | Killed Edmund
  3865 | D:5      | Reached XP level 8. HP: 52/70 MP: 7/7
  4423 | D:5      | Reached **** piety under Trog
  4694 | D:6      | Reached skill level 1 in Stealth
  4821 | D:6      | Reached skill level 1 in Shields
  4977 | D:6      | Noticed Grinder
  4983 | D:6      | Killed Grinder
  5438 | D:6      | Noticed Sigmund
  5505 | D:6      | Killed Sigmund
  5506 | D:6      | Reached XP level 9. HP: 61/78 MP: 8/8
  5791 | D:7      | Reached skill level 1 in Polearms
  6408 | D:7      | Found an opulent altar of Gozag.
  6408 | D:7      | Found a glowing silver altar of Zin.
  6570 | D:8      | Noticed a rime drake
  6578 | D:8      | Noticed a polar bear
  6581 | D:8      | Reached skill level 5 in Polearms
  6591 | D:8      | Killed a rime drake
  6594 | D:8      | Killed a polar bear
  6617 | D:8      | Found a staircase to the Lair.
  6674 | D:8      | Reached ***** piety under Trog
  6825 | D:8      | Reached XP level 10. HP: 88/88 MP: 9/9
  6845 | D:8      | Noticed a two-headed ogre
  6851 | D:8      | Killed a two-headed ogre
  6852 | D:8      | Reached skill level 5 in Dodging
  7173 | D:8      | Found a sacrificial altar of Ru.
  7803 | Lair:1   | Entered Level 1 of the Lair of Beasts
  7804 | Lair:1   | Noticed a black mamba
  7813 | Lair:1   | Killed a black mamba
  7823 | Lair:1   | Identified the +8 broad axe "Pibot" {antimagic, rN+} (Trog
                  | gifted it to you on level 1 of the Lair of Beasts)
  7823 | Lair:1   | Received a gift from Trog
  8038 | Lair:1   | Noticed a cane toad
  8044 | Lair:1   | Killed a cane toad
  8045 | Lair:1   | Reached skill level 10 in Axes
  8045 | Lair:1   | Reached skill level 10 in Armour
  8155 | Lair:1   | Noticed a cane toad
  8162 | Lair:1   | Killed a cane toad
  8471 | Lair:1   | Noticed a cane toad
  8476 | Lair:1   | Killed a cane toad
  8477 | Lair:1   | Reached XP level 11. HP: 97/97 MP: 10/10
  8574 | Lair:1   | Reached skill level 5 in Shields
  9041 | Lair:2   | Noticed a seven-headed hydra
  9049 | Lair:2   | Killed a ten-headed hydra
  9050 | Lair:2   | Reached skill level 1 in Throwing
  9099 | Lair:2   | Upgraded the game from 0.32-a0-893-gf85d74f360 to
                  | 0.32-a0-898-g7811c86cf0
  9137 | Lair:2   | Noticed a goliath frog
  9144 | Lair:2   | Mangled by a goliath frog

Illustrated notes

Levels and vault maps discovered:
D:1:      ebering_trefoil_3fold, layout_basic
D:2:      layout_loops_cross, hellmonk_ecumenical_altar_dog_temple, basic_altar
D:3:      layout_rooms, kennysheep_vampire_church, gammafunk_ghost_arena,
          uniq_terence
D:4:      layout_loops_ring, lemuel_round_altar, uniq_blork_the_orc,
          uniq_duvessa
D:5:      layout_basic, temple_statues, hellmonk_no_cap, uniq_edmund
D:6:      layout_loops_corners, uniq_grinder, uniq_sigmund
D:7:      layout_loops_ring, grunt_temple_overflow_gold_and_silver
D:8:      layout_loops_corners, mainiacjoe_overflow_alcove_2,
          hellmonk_lair_entry_icy, minmay_holes
Lair:1:   layout_small_grid, beast_lair_carwin_7, infiniplex_staircase_pool,
          lemuel_fruit_tree, serial_bayou_shore_b, lemuel_fruit_fields,
          lemuel_fruit_fields
Lair:2:   cheibrodos_lair_river_kwai, layout_loops_ring,
          mainiacjoe_swamp_entry_lozenge_pond, chequers_serial_rivers_room_b,
          grunt_megastairs_2, infiniplex_staircase_pool_2

Skill      XL: |  1  2  3  4  5  6  7  8  9 10 11 |
---------------+----------------------------------+-----
Fighting       | 4 5 6 8 9 |  9.8
Axes           | 4 5 6 7 8 10 11 | 11.5
Dodging        | 3 4 5 |  5.7
Armour         | 3 4 6 8 9 10 11 | 11.1
Maces & Flails | 1 2 |  2.3
Stealth        | 1 2 |  2.0
Shields        | 2 3 4 5 |  5.2
Polearms       | 7 8 |  8.6
Throwing       | 1 |  1.0
Evocations     | |  0.1

Action                     |  1- 3 |  4- 6 |  7- 9 | 10-12 || total
---------------------------+-------+-------+-------+-------++-------
  Melee: Hand axe          |    73 |    66 |   153 |       ||   292
         Headbutt          |    11 |    17 |    58 |    26 ||   112
         Whip              |       |    55 |       |       ||    55
         Halberd           |       |       |   147 |    21 ||   168
         Battleaxe         |       |       |       |   111 ||   111
         Broad axe         |       |       |       |    13 ||    13
  Throw: Stone             |       |       |       |     7 ||     7
  Evoke: Wand              |       |       |     1 |       ||     1
    Use: Scroll            |     1 |     6 |     1 |     9 ||    17
         Potion            |     1 |     5 |     8 |     1 ||    15
   Stab: Sleeping          |     1 |       |       |       ||     1
         Distracted        |       |       |       |     1 ||     1
 Armour: Leather armour    |    63 |       |       |       ||    63
         Animal skin       |     2 |       |       |       ||     2
         Chain mail        |       |   111 |   250 |   146 ||   507
  Dodge: Dodged            |    51 |    53 |   148 |    79 ||   331
  Block: Other             |       |     9 |    50 |    34 ||    93
         Buckler           |       |       |    20 |       ||    20
         Reflection        |       |       |     5 |     2 ||     7
         Kite shield       |       |       |       |     5 ||     5

Table legend: (Time is in decaauts)
 A = Elapsed time spent in this place.
 B = Non-inter-level travel time spent in this place.
 C = Inter-level travel time spent in this place.
 D = Time resting spent in this place.
 E = Time spent auto-exploring this place.
 F = Levels seen in this place.
 G = Mean time per level.
                   A        B        C        D        E       F      G
               +--------+--------+--------+--------+--------+-----+--------+
         Total |   9173 |   8171 |   1002 |      0 |   6456 |  10 |  917.3 |
       Dungeon |   7823 |   6897 |    926 |      0 |   5455 |   8 |  977.9 |
          Lair |   1350 |   1274 |     76 |      0 |   1001 |   2 |  675.0 |
               +--------+--------+--------+--------+--------+-----+--------+

Top non-repeatable levels by time:
     D:8: 1273 daAuts
  Lair:1: 1236 daAuts
     D:6: 1175 daAuts
     D:4: 1094 daAuts
     D:5: 1059 daAuts
     D:1: 956 daAuts
     D:7: 810 daAuts
     D:2: 769 daAuts
     D:3: 683 daAuts
  Lair:2: 113 daAuts
